 Dungeon Crawl Stone Soup version 0.19.5 (webtiles) character file.

112 mtsr the Bolt Thrower (level 5, -9/31 HPs)
             Began as a Kobold Hunter on Apr 2, 2017.
             Mangled by an ogre
             ... wielding a +0 giant spiked club
              (16 damage)
             ... on level 3 of the Dungeon.
             The game lasted 00:21:33 (1731 turns).

mtsr the Bolt Thrower (Kobold Hunter)               Turns: 1731, Time: 00:21:34

Health: -9/31      AC: 10    Str: 10    XL:     5   Next: 16%
Magic:  5/5        EV: 11    Int: 12    God:
Gold:   186        SH:  3    Dex: 16    Spells: 0 memorised, 4 levels left

rFire  . . .     SeeInvis .     a - +1 hand crossbow
rCold  + . .     Gourm    .     B - +2 scale mail {rC+}
rNeg   . . .     Faith    .     (shield restricted)
rPois  .         Spirit   .     (no helmet)
rElec  .         Reflect  +     u - +0 cloak
rCorr  .         Harm     .     o - +0 pair of gloves
MR     .....                    (no boots)
Stlth  +.........               F - +3 amulet of reflection
                                (no ring)
                                (no ring)

@: no status effects
A: carnivore 3
a: no special abilities


You were on level 3 of the Dungeon.
You were not hungry.

You visited 1 branch of the dungeon, and saw 3 of its levels.

You collected 186 gold pieces.

Inventory:

Hand Weapons
 a - a +1 hand crossbow (weapon)
 b - a +0 short sword
 f - a +0 whip
 s - a +0 mace
 x - a +0 dagger
 A - a +0 falchion
 D - a +0 dagger
 G - a +0 short sword
Missiles
 d - 41 bolts (quivered)
 e - 5 large rocks
 t - 15 poisoned needles
 v - 92 stones
 w - a throwing net
 H - 22 arrows
Armour
 i - a +0 robe
 k - a +0 leather armour
 o - a +0 pair of gloves (worn)
 u - a +0 cloak (worn)
 y - a +0 helmet
 B - a +2 scale mail of cold resistance (worn)
Jewellery
 F - a +3 amulet of reflection (around neck)
 J - an uncursed ring of protection from cold {unknown}
Scrolls
 n - a scroll of amnesia {unknown}
 p - a scroll of remove curse {unknown}
 r - a scroll of fog {unknown}
 z - a scroll of enchant weapon {unknown}
 I - a scroll of enchant armour {unknown}
Potions
 j - a potion of curing {unknown}
 l - a potion of might {unknown}
 m - a potion of resistance {unknown}
 C - a potion of lignification {unknown}
 E - a potion of brilliance {unknown}
Comestibles
 g - a royal jelly
 h - a slice of pizza
 q - 3 bread rations
 K - a beef jerky


   Skills:
 + Level 2.6 Fighting
 + Level 6.6 Crossbows
 + Level 0.8 Armour
 + Level 2.8 Dodging
 + Level 1.7 Stealth


You had 4 spell levels left.
You didn't know any spells.

Dungeon Overview and Level Annotations

Branches:
Dungeon (3/15)

Altars:
Cheibriados
Fedhas
Kikubaaqudgha


Innate Abilities, Weirdness & Mutations

You are small and have problems with some larger weapons.
You are carnivorous and can eat meat at any time.


Message History

The ogre shouts!
Firing (i - inventory. (,) - cycle):
d - 43 bolts (quivered)
Press: ? - help, Shift-Dir - straight line, f - ogre
Aim: an ogre, wielding a giant spiked club You shoot a bolt.
The bolt hits the ogre.
The ogre is lightly wounded.
Firing (i - inventory. (,) - cycle):
d - 42 bolts (quivered)
Press: ? - help, Shift-Dir - straight line, f/p - ogre
Aim: an ogre, wielding a giant spiked club (lightly wounded)
You shoot a bolt. The bolt hits the ogre!
The ogre is heavily wounded.
The ogre hits you with a giant spiked club!!
Ouch! That really hurt!
* * * LOW HITPOINT WARNING * * *
As you read the scroll labeled CUINUPTIDUT, it crumbles to dust.
It is a scroll of recharging.
You aren't carrying any rechargeable items.
The ogre hits you with a giant spiked club!
Ouch! That really hurt!
You die...

#.#........#...<#.........#
#.#.......†###.##.###.....#
#.#...##........#....#.####
#.#...##.###########.#.#
#.#..>............##.#.#
#..###.########.##.#.# ###
#.......##.##.#.#####
#########.###.##........
.....(O@#.# #.####.#####
#######.#.# #......# #.#.#
######## #.#.# #.#.# #.#.#
#.#.# #...# #####


You could see an ogre.

Vanquished Creatures
  Terence (D:2)
  3 adders
  2 worms
  2 dart slugs (D:1)
  A leopard gecko (D:2)
  An orc (D:3)
  4 giant cockroaches
  2 goblins (D:2)
  3 hobgoblins
  3 jackals (D:2)
  7 kobolds
  A ball python (D:1)
  9 bats
  9 rats
  A plant (D:2)
49 creatures vanquished.

Notes
Turn   | Place    | Note
-------+----------+-------------------------------------------
     0 | D:1      | mtsr the Kobold Hunter began the quest for the Orb.
     0 | D:1      | Reached XP level 1. HP: 12/12 MP: 1/1
    93 | D:1      | Reached skill level 5 in Crossbows
   276 | D:1      | Reached XP level 2. HP: 14/17 MP: 2/2
   691 | D:2      | Reached XP level 3. HP: 21/21 MP: 3/3
   739 | D:2      | Found a blossoming altar of Fedhas.
   902 | D:2      | Found an ancient bone altar of Kikubaaqudgha.
   973 | D:2      | Found a snail-covered altar of Cheibriados.
   978 | D:2      | Reached skill level 6 in Crossbows
  1144 | D:2      | Reached XP level 4. HP: 26/27 MP: 4/4
  1190 | D:2      | Noticed Terence
  1203 | D:2      | Killed Terence
  1518 | D:3      | Reached XP level 5. HP: 31/31 MP: 5/5
  1727 | D:3      | Noticed an ogre
  1731 | D:3      | Mangled by an ogre

Skill      XL: |  1  2  3 |
---------------+----------+-----
Crossbows      | 5 6 |  6.6
Fighting       | |  2.6
Armour         | |  0.8
Dodging        | |  2.8
Stealth        | |  1.7

Action                   |  1- 3 |  4- 6 || total
-------------------------+-------+-------++-------
Melee: Short sword       |    66 |       ||    66
       Hand crossbow     |     3 |       ||     3
 Fire: Hand crossbow     |    67 |    55 ||   122
  Use: Scroll            |     3 |     2 ||     5
  Eat: Meat ration       |     1 |       ||     1
Armor: Leather armour    |    21 |       ||    21
       Scale mail        |       |     7 ||     7
Dodge: Dodged            |    44 |    13 ||    57
Block: Other             |       |     3 ||     3
